 Dungeon Crawl Stone Soup version 0.30-a0-1018-g25214051b3 (webtiles) character file.

Game seed: 18014376449841191806

96 mandarbmax the Gusty (level 4, 0/24 HPs)
             Began as a Tengu Air Elementalist on Apr 7, 2023.
             Slain by Natasha (6 damage)
             ... on level 1 of the Dungeon.
             The game lasted 00:04:16 (1742 turns).

mandarbmax the Gusty (Tengu Air Elementalist)       Turns: 1742, Time: 00:04:17

Health: 0/24       AC:  3    Str:  8    XL:     4   Next: 67%
Magic:  1/9        EV: 12    Int: 21    God:
Gold:   138        SH:  0    Dex: 13    Spells: 6/9 levels left

rFire   . . .      SeeInvis .    (no weapon)
rCold   . . .      Faith    .    (no shield)
rNeg    . . .      Spirit   .    a - +1 robe
rPois   .          Reflect  .    (helmet restricted)
rElec   .          Rampage  .    (no cloak)
rCorr   .                        (no gloves)
Will    +....                    (boots unavailable)
Stlth   ++                       (no amulet)
HPRegen 0.24/turn                e - ring of willpower
MPRegen 0.11/turn                (no ring)

@: no status effects
A: beak, talons 3, clever 1
a: no special abilities


You were on level 1 of the Dungeon.
You visited 1 branch of the dungeon, and saw 2 of its levels.

You collected 138 gold pieces.

Inventory:

Armour
 a - a +1 robe (worn)
Jewellery
 e - a ring of willpower (left hand)
Scrolls
 c - 3 scrolls of identify
 g - a scroll of noise


   Skills:
 + Level 0.6 Fighting
 * Level 2.8 Dodging
 - Level 2.0 Stealth
 * Level 3.2 Spellcasting
 + Level 3.2 Conjurations
 * Level 4.3 Air Magic


You had 6 spell levels left.
You knew the following spells:

 Your Spells              Type           Power      Damage    Failure   Level
a - Shock                 Conj/Air       76%        1d7       2%          1
b - Static Discharge      Conj/Air       38%        2-4/arc   4%          2

Your spell library contained the following spells:

 Spells                   Type           Power      Damage    Failure   Level
 Swiftness                Air            21%        N/A       7%          3
 Airstrike                Air            10%        2d(2-18)  22%         4


Dungeon Overview and Level Annotations

Branches:
Dungeon (2/15)

Altars:

Shops:
D:2 *:

Annotations:
D:1 Natasha
D:2 Robin


Innate Abilities, Weirdness & Mutations

You have a beak for a mouth.
You have claws for feet.
Your mind is acute. (Int +4, Str/Dex -1)


Message History

The cerulean imp hits you from afar with a +0 spear.
Robin roars a battlecry!
The goblin goes into a battle-frenzy!
Casting: Static Discharge (safe; 4% risk of failure)
Confirm with . or Enter, or press ? or * to list all spells.
Natasha is struck by an arc of lightning.
Natasha is moderately wounded.
You are struck by an arc of lightning.
Natasha is struck by an arc of lightning.
Natasha is severely wounded.
You are struck by an arc of lightning.
* * * LOW HITPOINT WARNING * * *
The lightning grounds out.
The hobgoblin no longer looks unusually strong.
Natasha barely misses you.
Unknown command.
Unknown command.
The goblin no longer looks unusually strong.
Natasha attacks as you move away! Natasha closely misses you.
The goblin no longer looks unusually strong.
Robin roars a battlecry!
The goblins go into a battle-frenzy!
Natasha casts a spell at you. You resist with almost no effort.
Natasha wildly gestures.
Natasha's front paws start to glow.
Robin throws the goblin at you!
There is a stone staircase leading up here.
Natasha stares at you and mumbles some strange words.
The magic dart hits you.
* * * LOW HITPOINT WARNING * * *
The goblin hits you with a +0 dagger.
* * * LOW HITPOINT WARNING * * *
Robin roars a battlecry!
The hobgoblin goes into a battle-frenzy!
You climb upwards.
The cerulean imp disappears in a puff of smoke!
There is a stone staircase leading down here.
Natasha claws you.
You die...

#.........# #.#....
#.....(...# #....##
#.........########..##
#....................#
#.........########...#
#.........# ##...
#...g.....# #... #....>h...#
#... #####@##### #..# #.##
#... ####### #..## ##..
##≈≈≈≈≈####..### ###...
##≈≈≈≈≈≈≈####...#######...#.
##≈≈≈≈≈≈≈≈≈ #...........####
#≈≈ ≈≈≈≈≈ #........#####..
##≈≈≈#######
#........#####.#
#≈≈≈≈#...#.#
############....#


You could see Natasha and a goblin (strong).

Vanquished Creatures
  Natasha (twice) (D:2)
  A worm (D:2)
  2 dart slugs (D:1)
  3 ball pythons (D:1)
  4 bats
  5 endoplasms
  3 giant cockroaches
  3 hobgoblins (D:2)
  A quokka (D:1)
  3 frilled lizards (D:1)
  6 goblins
  2 kobolds (D:1)
  2 rats
37 creatures vanquished.

Notes
Turn   | Place    | Note
-------+----------+-------------------------------------------
     0 | D:1      | mandarbmax the Tengu Air Elementalist began the quest for
                  | the Orb.
     0 | D:1      | Reached XP level 1. HP: 10/10 MP: 4/4
   222 | D:1      | Reached XP level 2. HP: 15/15 MP: 3/6
   879 | D:1      | Reached XP level 3. HP: 19/19 MP: 2/7
   882 | D:1      | Learned a level 2 spell: Static Discharge
   969 | D:1      | Found a faded altar of an unknown god.
  1249 | D:2      | Found Sosut's General Store.
  1303 | D:2      | Noticed Natasha
  1315 | D:2      | Killed Natasha
  1454 | D:2      | Found Gejaf's Book Boutique.
  1480 | D:2      | Reached XP level 4. HP: 24/24 MP: 4/9
  1703 | D:2      | Noticed Natasha
  1710 | D:2      | Killed Natasha
  1714 | D:2      | Noticed Robin
  1723 | D:2      | Noticed Natasha
  1724 | D:2      | Gained mutation: Your mind is acute. (Int +4, Str/Dex -1)
                  | [potion of mutation]
  1742 | D:1      | Slain by Natasha

Illustrated notes

Levels and vault maps discovered:
D:1:      amcnicky_arrival_underground_garden, layout_rooms,
          nicolae_ecumenical_lake_church, dk_noncrumbling_4,
          minmay_misc_feat_chi, chequers_serial_rivers_room_a
D:2:      layout_basic, basic_altar, serial_shops, shop, nicolae_diamond_shop,
          nicolae_shop_statue_plus, shop, shop_fountains, uniq_natasha,
          uniq_robin

Skill      XL: |  1  2  3 |
---------------+----------+-----
Conjurations   | 2 3 |  3.2
Spellcasting   | 3 |  3.2
Fighting       | |  0.6
Dodging        | |  2.8
Stealth        | |  2.0
Air Magic      | |  4.3

Action                     |  1- 3 |  4- 6 || total
---------------------------+-------+-------++-------
  Melee: Unarmed           |     6 |     2 ||     8
         Kick              |     1 |       ||     1
         Peck              |     1 |       ||     1
   Cast: Shock             |    71 |    16 ||    87
         Static Discharge  |     1 |     3 ||     4
    Use: Potion            |     1 |     4 ||     5
         Scroll            |       |     3 ||     3
 Armour: Robe              |     4 |     5 ||     9
  Dodge: Dodged            |    13 |    18 ||    31

Table legend: (Time is in decaauts)
 A = Elapsed time spent in this place.
 B = Non-inter-level travel time spent in this place.
 C = Inter-level travel time spent in this place.
 D = Time resting spent in this place.
 E = Time spent auto-exploring this place.
 F = Levels seen in this place.
 G = Mean time per level.
                   A        B        C        D        E       F      G
               +--------+--------+--------+--------+--------+-----+--------+
         Total |   1752 |   1699 |     53 |     59 |   1430 |   2 |  876.0 |
       Dungeon |   1752 |   1699 |     53 |     59 |   1430 |   2 |  876.0 |
               +--------+--------+--------+--------+--------+-----+--------+

Top non-repeatable levels by time:
     D:1: 1194 daAuts
     D:2: 557 daAuts
